 Dungeon Crawl Stone Soup version 0.30-a0-583-g19bae12e61 (webtiles) character file.

Game seed: 11118115089031891779

31 Citaku the Twirler (level 3, -1/29 HPs)
             Began as a Human Wanderer on Jan 1, 2023.
             Slain by a goblin
             ... wielding a +0 club
              (3 damage)
             ... on level 1 of the Dungeon.
             The game lasted 00:02:10 (580 turns).

Citaku the Twirler (Human Wanderer)                  Turns: 580, Time: 00:02:11

Health: -1/29      AC:  3    Str: 11    XL:     3   Next: 40%
Magic:  6/6        EV: 11    Int: 13    God:
Gold:   18         SH:  0    Dex: 14    Spells: 5/6 levels left

rFire   . . .      SeeInvis .    a - +3 quarterstaff
rCold   . . .      Faith    .    (shield currently unavailable)
rNeg    . . .      Spirit   .    d - +0 leather armour
rPois   .          Reflect  .    (no helmet)
rElec   .          Harm     .    (no cloak)
rCorr   .          Rampage  .    (no gloves)
Will    .....                    (no boots)
Stlth   +                        (no amulet)
HPRegen 0.24/turn                (no ring)
MPRegen 0.10/turn                (no ring)

@: no status effects
A: no striking features
a: no special abilities


You were on level 1 of the Dungeon.
You visited 1 branch of the dungeon, and saw 1 of its levels.

You collected 18 gold pieces.

Inventory:

Hand Weapons
 a - a +3 quarterstaff (weapon)
 e - a +0 dagger
 f - a +0 dagger
 g - a +0 hand axe
 h - a +0 rapier
 i - a +1 dagger of holy wrath
Armour
 c - a +0 robe
 d - a +0 leather armour (worn)
Scrolls
 j - a scroll of amnesia {unknown}
Potions
 b - a potion of haste


   Skills:
 + Level 3.3 Fighting
 + Level 3.7 Staves
 + Level 1.1 Dodging
 + Level 2.2 Spellcasting
 + Level 1.0 Ice Magic


You had 5 spell levels left.
You knew the following spells:

 Your Spells              Type           Power      Damage    Failure   Level
a - Freeze                Ice            16%        1d4       22%         1

Your spell library contained the following spells:

 Spells                   Type           Power      Damage    Failure   Level
 Frozen Ramparts          Ice            8%         1d2       54%         3


Dungeon Overview and Level Annotations

Branches:
Dungeon (1/15)

Altars:


Message History

You completely miss the jackal.
The jackal is heavily wounded.
The jackal barks!
The jackal misses you. The jackal closely misses you.
The endoplasm freezes you.
You are frozen.
The jackal bites you but does no damage.
The endoplasm hits you. The jackal bites you.
You barely miss the jackal.
The jackal is heavily wounded.
The jackal barely misses you.
The jackal bites you but does no damage.
The endoplasm hits you. The jackal bites you.
You hit the jackal but do no damage.
The jackal is heavily wounded.
The jackal closely misses you. The jackal bites you. The endoplasm freezes you.
You are frozen.
The jackal barely misses you.
You sock the jackal!
You kill the jackal!
The jackal bites you. The endoplasm barely misses you.
The jackal closely misses you.
You closely miss the goblin.
The jackal bites you but does no damage.
The endoplasm hits you.
You closely miss the goblin. The jackal closely misses you.
The endoplasm hits you.
* * * LOW HITPOINT WARNING * * *
The goblin barely misses you. The goblin hits you but does no damage.
The jackal bites you.
* * * LOW HITPOINT WARNING * * *
You hit the goblin.
You kill the goblin!
The jackal closely misses you. The jackal barely misses you.
The endoplasm closely misses you. The goblin misses you. The jackal bites you.
* * * LOW HITPOINT WARNING * * *
The jackal bites you.
* * * LOW HITPOINT WARNING * * *
You barely miss the goblin. The goblin hits you with a +0 club.
You die...

##......###.........
###...##..######.##.##
..#...##...####...... .
#..................# ..
##.................##...
.........†..............
###............†.......
###...#......†.J)h.##
....##........$g@...#
....##.........h......#
....##.............##.#
..............(......$.
....####...###.###.....
....## #.#.# ..# ###.#
.....##......#.# .#
..........#.#..# #
............


You could see an endoplasm, 2 jackals and a goblin.

Vanquished Creatures
  A ball python (D:1)
  2 bats (D:1)
  5 endoplasms (D:1)
  3 goblins (D:1)
  2 hobgoblins (D:1)
  5 jackals (D:1)
  2 quokkas (D:1)
  2 frilled lizards (D:1)
  A kobold (D:1)
  4 rats (D:1)
27 creatures vanquished.

Notes
Turn   | Place    | Note
-------+----------+-------------------------------------------
     0 | D:1      | Citaku the Human Wanderer began the quest for the Orb.
     0 | D:1      | Citaku set off with the following items: a +3 quarterstaff,
                  | a potion of haste, a +0 robe; and the following spell
                  | memorised: Freeze; and the following spells available to
                  | memorise: Frozen Ramparts.
     0 | D:1      | Reached XP level 1. HP: 18/18 MP: 3/3
    65 | D:1      | Reached XP level 2. HP: 14/24 MP: 5/5
   435 | D:1      | Reached XP level 3. HP: 29/29 MP: 6/6
   580 | D:1      | Slain by a goblin

Illustrated notes

Levels and vault maps discovered:
D:1:      onia_arrival_handbag, layout_rooms

Action                   || total
-------------------------++-------
Melee: Quarterstaff      ||    52
  Use: Potion            ||     2
Armor: Robe              ||     2
       Leather armour    ||    10
Dodge: Dodged            ||    35

Table legend: (Time is in decaauts)
 A = Elapsed time spent in this place.
 B = Non-inter-level travel time spent in this place.
 C = Inter-level travel time spent in this place.
 D = Time resting spent in this place.
 E = Time spent auto-exploring this place.
 F = Levels seen in this place.
 G = Mean time per level.
                   A        B        C        D        E       F      G
               +--------+--------+--------+--------+--------+-----+--------+
         Total |    586 |    586 |      0 |    267 |      0 |   1 |  586.0 |
       Dungeon |    586 |    586 |      0 |    267 |      0 |   1 |  586.0 |
               +--------+--------+--------+--------+--------+-----+--------+

Top non-repeatable levels by time:
     D:1: 586 daAuts
